[Event "ESTCC 65 2019"]
[Site "Mali Losinj"]
[Date "2019.09.26"]
[Round "9.23"]
[White "Patola, Eero"]
[Black "Reuben, Stewart"]
[Result "0-1"]
[ECO "A36"]
[WhiteElo "1798"]
[BlackElo "1983"]
[Annotator "NA"]
[PlyCount "118"]
[EventDate "2019.09.18"]
[EventType "team-tourn"]
[EventCountry "CRO"]
[SourceTitle "playchess.com"]
[Source "ChessBase"]
[SourceQuality "1"]
[WhiteTeam "Finland"]
[BlackTeam "England"]
[WhiteTeamCountry "FIN"]
[BlackTeamCountry "ENG"]
[TimeControl "40/5400+30:1800+30"]

1. e4 c5 2. c4 Nc6 3. Nc3 g6 4. g3 Bg7 5. Bg2 e6 6. Nge2 Nge7 7. O-O a6 8. d3 Rb8 9. Be3 Nd4 10. Bf4 d6 11. Rb1 Nec6 12. Nxd4 Nxd4 13. Ne2 b5 14. b3 O-O 15. Nxd4 Bxd4 16. Bh6 Re8 17. h4 Bb7 18. Qd2 b4 19. Be3 Bc3 20. Qc2 Qf6 21. Bg5 Qg7 22. Qc1 a5 23. Bh6 Qh8 24. Bf4 Be5 25. Be3 Bc6 26. Qd1 a4 27. f4 Bd4 28. Qe2 Ra8 29. Bxd4 Qxd4+ 30. Kh2 axb3 31. axb3 Ra3 32. Rb2 Qc3 33. Rfb1 Rea8 34. Qd2 Rxb3 35. Qxc3 Rxc3 36. Bf1 Raa3 37. g4 Ba4 38. Re1 Bc2 39. e5 Bxd3 40. Bxd3 Rxd3 41. exd6 Rxd6 42. Re5 Rc6 43. f5 gxf5 44. gxf5 Rc3 45. Rg2+ Kf8 46. fxe6 fxe6 47. Rh5 Rc7 48. Ra2 b3 49. Ra8+ Kg7 50. Rg5+ Kf7 51. Rb8 Rd7 52. Rg2 Rd4 53. Rb7+ Kf6 54. Rxh7 Rdxc4 55. Rh6+ Ke5 56. Re2+ Re4 57. Rxe4+ Kxe4 58. Rxe6+ Kf5 59. Rb6 Kg4 0-1

[Event "ESTCC 65 2019"]
[Site "Mali Losinj"]
[Date "2019.09.26"]
[Round "9.25"]
[White "Grahn, Lars"]
[Black "Carlsten, Peter"]
[Result "0-1"]
[ECO "C41"]
[WhiteElo "2024"]
[BlackElo "1986"]
[Annotator "NA"]
[PlyCount "78"]
[EventDate "2019.09.18"]
[EventType "team-tourn"]
[EventCountry "CRO"]
[SourceTitle "playchess.com"]
[Source "ChessBase"]
[SourceQuality "1"]
[WhiteTeam "Sweden"]
[BlackTeam "Sweden"]
[WhiteTeamCountry "SWE"]
[BlackTeamCountry "SWE"]
[TimeControl "40/5400+30:1800+30"]

1. d4 d6 2. e4 Nf6 3. Nc3 e5 4. Nf3 Nbd7 5. Bc4 Be7 6. O-O O-O 7. Re1 c6 8. a4 b6 9. h3 a6 10. Ba2 Bb7 11. Bg5 h6 12. Bh4 Qc7 13. Qd2 b5 14. axb5 axb5 15. Bb3 Rxa1 16. Rxa1 b4 17. Na2 Nxe4 18. Qe2 Bxh4 19. Qxe4 Bf6 20. dxe5 Nxe5 21. Nxb4 Nxf3+ 22. Qxf3 Bxb2 23. Rd1 Bf6 24. c3 d5 25. Bc2 Qe5 26. Rd3 Qd6 27. Qh5 Re8 28. g3 Re5 29. Qd1 Qe6 30. Kh2 c5 31. Na2 Re1 32. Qf3 Qe7 33. Re3 Rxe3 34. fxe3 d4 35. Qf4 Be5 36. Qf5 g6 37. Qg4 dxe3 38. Bb3 Kg7 39. Bd1 Qf6 0-1

[Event "ESTCC 65 2019"]
[Site "Mali Losinj"]
[Date "2019.09.26"]
[Round "9.26"]
[White "Ahlstrom, Per"]
[Black "Wademark, Helge"]
[Result "0-1"]
[ECO "A88"]
[WhiteElo "1838"]
[BlackElo "1994"]
[Annotator "NA"]
[PlyCount "62"]
[EventDate "2019.09.18"]
[EventType "team-tourn"]
[EventCountry "CRO"]
[SourceTitle "playchess.com"]
[Source "ChessBase"]
[SourceQuality "1"]
[WhiteTeam "Sweden"]
[BlackTeam "Sweden"]
[WhiteTeamCountry "SWE"]
[BlackTeamCountry "SWE"]
[TimeControl "40/5400+30:1800+30"]

1. c4 f5 2. Nc3 Nf6 3. Nf3 d6 4. d4 g6 5. g3 Bg7 6. Bg2 O-O 7. O-O c6 8. Qc2 Qc7 9. b3 Na6 10. Bb2 Bd7 11. Rac1 e5 12. dxe5 dxe5 13. Rfd1 Nb4 14. Qd2 e4 15. Ng5 Rad8 16. Ba3 Bc8 17. Qf4 Rxd1+ 18. Rxd1 Qa5 19. Bb2 Nxa2 20. Qd2 Nxc3 21. Bxc3 Qc7 22. h4 h6 23. Nh3 Kf7 24. e3 Re8 25. Bxf6 Bxf6 26. h5 g5 27. Bf1 Re7 28. Qb4 Rd7 29. Rxd7+ Bxd7 30. c5 b6 31. cxb6 axb6 0-1

[Event "ESTCC 65 2019"]
[Site "Mali Losinj"]
[Date "2019.09.26"]
[Round "9.27"]
[White "Bernhardsson, Sten"]
[Black "Dalling, Peter"]
[Result "1-0"]
[ECO "D55"]
[WhiteElo "1956"]
[BlackElo "1824"]
[Annotator "NA"]
[PlyCount "107"]
[EventDate "2019.09.18"]
[EventType "team-tourn"]
[EventCountry "CRO"]
[SourceTitle "playchess.com"]
[Source "ChessBase"]
[SourceQuality "1"]
[WhiteTeam "Sweden"]
[BlackTeam "Sweden"]
[WhiteTeamCountry "SWE"]
[BlackTeamCountry "SWE"]
[TimeControl "40/5400+30:1800+30"]

1. d4 Nf6 2. Nf3 d5 3. c4 e6 4. Bg5 Be7 5. e3 O-O 6. Nc3 b6 7. cxd5 exd5 8. Rc1 Bg4 9. Be2 Nbd7 10. O-O c5 11. h3 Be6 12. Bf4 a6 13. Bd3 c4 14. Bb1 b5 15. a3 Qb6 16. Ng5 h6 17. Nxe6 Qxe6 18. Qc2 Rfe8 19. e4 Nf8 20. Rfe1 dxe4 21. Nxe4 Nxe4 22. Rxe4 Qb6 23. Rce1 Ng6 24. d5 Kf8 25. Bg3 Bc5 26. Rxe8+ Rxe8 27. Rxe8+ Kxe8 28. Qf5 Qd8 29. Qf3 Qg5 30. Kh2 Qe7 31. d6 Qd8 32. Bxg6 fxg6 33. Qd5 Qg5 34. Qg8+ Kd7 35. Qf7+ Kc6 36. Qc7+ Kd5 37. Qb7+ Ke6 38. Qxa6 Bd4 39. Qc8+ Kd5 40. Qd7 Ke4 41. Qc6+ Kd3 42. d7 Bf6 43. Qd6+ Kc2 44. Bf4 Qf5 45. Qd2+ Kb3 46. Qb4+ Kc2 47. Bc7 Qxf2 48. Qxb5 Bh4 49. Qxc4+ Kb1 50. Qxh4 Qxh4 51. d8=Q g5 52. Be5 Qe4 53. Qd4 Qc2 54. b4 1-0

[Event "ESTCC 65 2019"]
[Site "Mali Losinj"]
[Date "2019.09.26"]
[Round "9.28"]
[White "Palsson, Bertil"]
[Black "Nordenstrom, Sven"]
[Result "0-1"]
[ECO "D00"]
[WhiteElo "1784"]
[BlackElo "1874"]
[Annotator "NA"]
[PlyCount "74"]
[EventDate "2019.09.18"]
[EventType "team-tourn"]
[EventCountry "CRO"]
[SourceTitle "playchess.com"]
[Source "ChessBase"]
[SourceQuality "1"]
[WhiteTeam "Sweden"]
[BlackTeam "Sweden"]
[WhiteTeamCountry "SWE"]
[BlackTeamCountry "SWE"]
[TimeControl "40/5400+30:1800+30"]

1. d4 d5 2. e3 Nf6 3. Bd3 c6 4. f4 Bg4 5. Nf3 e6 6. Nbd2 Nbd7 7. h3 Bxf3 8. Nxf3 Be7 9. O-O O-O 10. Ne5 c5 11. c3 cxd4 12. exd4 g6 13. Qe1 Nh5 14. Nxd7 Qxd7 15. Be2 Ng7 16. g4 f5 17. g5 Ne8 18. h4 Nd6 19. h5 Kg7 20. Kg2 Rh8 21. Rh1 Rae8 22. Rh4 Nf7 23. a4 a6 24. h6+ Kf8 25. b4 Bd6 26. b5 a5 27. Ba3 b6 28. Kf3 Rc8 29. Rh2 Bxa3 30. Rxa3 Qd6 31. Ra1 Nxg5+ 32. Ke3 Ne4 33. Bd3 Nf6 34. Kf3 g5 35. fxg5 Qxh2 36. Qxe6 Qh3+ 37. Ke2 Re8 0-1

[Event "ESTCC 65 2019"]
[Site "Mali Losinj"]
[Date "2019.09.26"]
[Round "9.29"]
[White "Lofgren, Claes"]
[Black "James, Kevin"]
[Result "1-0"]
[ECO "A40"]
[WhiteElo "2059"]
[BlackElo "1959"]
[Annotator "NA"]
[PlyCount "61"]
[EventDate "2019.09.18"]
[EventType "team-tourn"]
[EventCountry "CRO"]
[SourceTitle "playchess.com"]
[Source "ChessBase"]
[SourceQuality "1"]
[WhiteTeam "Denmark"]
[BlackTeam "Ireland"]
[WhiteTeamCountry "DEN"]
[BlackTeamCountry "IRL"]
[TimeControl "40/5400+30:1800+30"]

1. d4 g6 2. c4 Bg7 3. g3 c5 4. d5 d6 5. Bg2 Nd7 6. Nf3 Nb6 7. O-O Bd7 8. Qc2 Nf6 9. e4 O-O 10. Nfd2 Qb8 11. Nc3 e6 12. h3 exd5 13. cxd5 Re8 14. Kh2 Nc8 15. a4 b6 16. f4 a6 17. Nf3 Re7 18. e5 Bf5 19. Qd1 Ne4 20. Nh4 Nxc3 21. bxc3 Bd7 22. e6 fxe6 23. dxe6 Bxe6 24. Bxa8 Qxa8 25. f5 Bc4 26. Rf2 Qe4 27. f6 Rf7 28. Rf4 Be2 29. Rxe4 Bxd1 30. fxg7 Ne7 31. Bg5 1-0

[Event "ESTCC 65 2019"]
[Site "Mali Losinj"]
[Date "2019.09.26"]
[Round "9.30"]
[White "Lohan, Martin"]
[Black "Nielsen, Jorgen Lovgren"]
[Result "0-1"]
[ECO "A04"]
[WhiteElo "1796"]
[BlackElo "2052"]
[Annotator "NA"]
[PlyCount "78"]
[EventDate "2019.09.18"]
[EventType "team-tourn"]
[EventCountry "CRO"]
[SourceTitle "playchess.com"]
[Source "ChessBase"]
[SourceQuality "1"]
[WhiteTeam "Ireland"]
[BlackTeam "Denmark"]
[WhiteTeamCountry "IRL"]
[BlackTeamCountry "DEN"]
[TimeControl "40/5400+30:1800+30"]

1. Nf3 g6 2. g3 f5 3. d3 Nf6 4. Bg2 Bg7 5. O-O O-O 6. Nbd2 d6 7. e4 e5 8. exf5 gxf5 9. Re1 Nc6 10. c3 Kh8 11. a4 Rb8 12. Nc4 e4 13. dxe4 fxe4 14. Nh4 Bg4 15. f3 exf3 16. Bxf3 Qd7 17. Bf4 Rbe8 18. Qd3 Rxe1+ 19. Rxe1 Qf7 20. Ne3 Qh5 21. Nxg4 Nxg4 22. Bxg4 Qxg4 23. Qf3 Qxf3 24. Nxf3 h6 25. Re3 a5 26. Kg2 Kh7 27. Kh3 Rf5 28. Re2 Rc5 29. Be3 Rc4 30. Nd2 Rxa4 31. Rf2 Kg6 32. Nf3 Re4 33. Nh4+ Kh7 34. Nf5 a4 35. Bd2 Ne5 36. Nd4 Kg6 37. Nb5 Nd3 38. Rf1 Nxb2 39. Nxc7 Nc4 0-1

[Event "ESTCC 65 2019"]
[Site "Mali Losinj"]
[Date "2019.09.26"]
[Round "9.32"]
[White "Durkan, Joe"]
[Black "Fabrin, Morten"]
[Result "0-1"]
[ECO "B22"]
[WhiteElo "1459"]
[BlackElo "1998"]
[Annotator "NA"]
[PlyCount "84"]
[EventDate "2019.09.18"]
[EventType "team-tourn"]
[EventCountry "CRO"]
[SourceTitle "playchess.com"]
[Source "ChessBase"]
[SourceQuality "1"]
[WhiteTeam "Ireland"]
[BlackTeam "Denmark"]
[WhiteTeamCountry "IRL"]
[BlackTeamCountry "DEN"]
[TimeControl "40/5400+30:1800+30"]

1. e4 c5 2. c3 d5 3. e5 Bf5 4. Nf3 e6 5. Bb5+ Nc6 6. O-O Nge7 7. b3 a6 8. Be2 d4 9. cxd4 Nxd4 10. d3 Nxe2+ 11. Qxe2 Bxd3 12. Qd2 Bxf1 13. Kxf1 Nf5 14. Nc3 Be7 15. Bb2 Qxd2 16. Nxd2 O-O 17. Nce4 Rad8 18. Nc4 f6 19. f3 fxe5 20. Bxe5 Bf6 21. Bxf6 gxf6 22. g4 Nd4 23. Kf2 Rc8 24. Ned6 Rc7 25. Rc1 e5 26. Ne3 Ne6 27. Nef5 Rd7 28. h4 b5 29. Rd1 Nd4 30. Nh6+ Kh8 31. Ne4 Rc7 32. Nd6 c4 33. bxc4 bxc4 34. Rc1 c3 35. Ke3 Rc6 36. Ne4 c2 37. Nf5 Nxf5+ 38. gxf5 Rd8 39. Nd2 Rc3+ 40. Ke2 Rd4 41. Nb3 Rxh4 42. Kd2 Rxf3 0-1